 Dungeon Sprint DCSS version 0.28.0-45-g0d030f2227 (webtiles) character file.

Game seed: 16575030930630638025

42074 Groucho the Peltast (level 13, -3/133 (141) HPs)
             Began as a Minotaur Fighter on Apr 4, 2022.
             Was the Champion of Qazlal.
             Killed from afar by a vampire mage (36 damage)
             ... with a bolt of negative energy
             ... in the Dungeon (Sprint VII: "The Pits").
             The game lasted 00:21:08 (6665 turns).

Groucho the Peltast (Minotaur Fighter)              Turns: 6665, Time: 00:21:09

HP:   -3/133 (141)  AC: 33    Str: 26    XL:     13   Next: 83%
MP:   10/24         EV:  7    Int:  8    God:    Qazlal [******]
Gold: 21            SH: 30    Dex: 13    Spells: 12/12 levels left

rFire   . . .      SeeInvis .   v - +8 mithril axe "Arga" {speed, Will+}
rCold   . . .      Faith    .   B - +1 tower shield
rNeg    . . .      Spirit   .   D - +5 plate armour
rPois   .          Reflect  .   (helmet restricted)
rElec   .          Harm     .   C - +1 cloak
rCorr   .          Rampage  .   (no gloves)
Will    +....      NoTele   +   E - +1 pair of boots
Stlth   ..........              (no amulet)
HPRegen 0.32/turn               s - +3 ring of dexterity
MPRegen 0.19/turn               t - +3 ring of intelligence

@: protected from physical damage, drained, repel missiles
A: horns 2, retaliatory headbutt
a: Renounce Religion, Upheaval, Elemental Force, Disaster Area


You were in the Dungeon.
You worshipped Qazlal.
Qazlal was exalted by your worship.
You visited 1 branch You collected 21 gold pieces.

Inventory:

Hand Weapons
 a - a +2 morningstar of protection
 b - a +3 demon whip of freezing
 v - the +8 mithril axe "Arga" (weapon) {speed, Will+}
   (You found it in the Dungeon)

   Attacks with this weapon are significantly faster.
   Will:      It increases your willpower.
Missiles
 e - 3 boomerangs
 p - 12 stones (quivered)
 x - 5 javelins
Armour
 B - a +1 tower shield (worn)
 C - a +1 cloak (worn)
 D - a +5 plate armour (worn)
 E - a +1 pair of boots (worn)
 F - +2 gold dragon scales
Jewellery
 g - a ring of fire
 l - the amulet of the Four Winds {rN+ Will+++ Clar}
   (You took it off a goblin in the Dungeon)

   [amulet of nothing]

   rN:        It protects you from negative energy.
   Clar:      It protects you against confusion.
   Will:      It greatly increases your willpower.
 s - a +3 ring of dexterity (left hand)
 t - a +3 ring of intelligence (right hand)
 y - a ring of see invisible
 A - the ring "Todawul" {rC++ Int+6}
   (You took it off a spriggan druid in the Dungeon)

   [ring of intelligence]

   Int:       It affects your intelligence (+6).
   rC:        It greatly protects you from cold.
Wands
 k - a wand of paralysis (9)
Scrolls
 c - 2 scrolls of fear
 j - 2 scrolls of enchant weapon
 n - 5 scrolls of amnesia
 o - a scroll of summoning
 q - 3 scrolls of fog
 r - 2 scrolls of blinking
 w - 3 scrolls of identify
Potions
 d - 3 potions of might
 f - 11 potions of curing
 h - 3 potions of magic
 i - 7 potions of berserk rage
 m - 2 potions of invisibility
 u - a potion of brilliance
 z - 3 potions of heal wounds


   Skills:
 + Level 20.7 Fighting
 - Level 18.8 Axes
 + Level 20.7 Armour
 + Level 20.7 Shields
 + Level 8.2 Unarmed Combat
 + Level 17.4 Invocations


You had 12 spell levels left.
You didn't know any spells.
Your spell library contained the following spells:

 Spells                   Type           Power      Damage    Failure   Level
 Sublimation of Blood     Necr           0%         N/A       99%         2
 Petrify                  Tmut/Erth      0%         N/A       100%        4
 Irradiate                Conj/Tmut      0%         3d13      100%        5


Dungeon Overview and Level Annotations

Branches:
Dungeon (1/1)

Altars:
Ashenzari
Cheibriados
Dithmenos
Elyvilon
Fedhas
Gozag
Hepliaklqana
Kikubaaqudgha
Makhleb
Nemelex Xobeh
Okawaru
Qazlal
Ru
Sif Muna
Trog
Uskayaw
Vehumet
Wu Jian
Xom
Yredelemnul
Zin
The Shining One
Beogh
Jiyva
Lugonu


Innate Abilities, Weirdness & Mutations

You have a pair of horns on your head.
You reflexively headbutt those who attack you in melee.


Message History

Aiming: Upheaval
Press: ? - help, Dir - move target, p - war gargoyle A storm cloud blasts the area with cutting wind!
The cutting wind hits the war gargoyle!!
You destroy the war gargoyle!
Qazlal accepts your kill.
The cutting wind hits the blizzard demon!!
The blizzard demon is almost dead.
The blizzard demon is no longer encased in ice.
The blizzard demon gestures at you. The bolt of lightning hits you!!
* * * LOW HITPOINT WARNING * * *
Unknown command.
Unknown command.
Unknown command.
Aiming: Upheaval
Press: ? - help, Dir - move target, f - blizzard demon
Aim: a blizzard demon (almost dead)
The ground shakes violently, spewing rubble!
The blast of rubble hits the vampire mage!!
The vampire mage is moderately damaged.
The blast of rubble hits the blizzard demon!
The blizzard demon is almost dead.
Unknown command.
Unknown command.
Aiming: Upheaval
Press: ? - help, Dir - move target, f/p - blizzard demon
Aim: a blizzard demon (thunder, almost dead)
A blizzard blasts the area with ice!
The blast of ice hits the blizzard demon!
The blizzard demon partially resists.
You kill the blizzard demon!
Qazlal accepts your kill.
The blast of ice hits the vampire mage!!
The vampire mage partially resists.
The vampire mage is severely damaged.
The vampire mage is flash-frozen.
The vampire mage points at you and mumbles some strange words.
The bolt of negative energy hits you!!!
You feel drained.
You die...

#################+#
..................#
).................#
))##############..#
))..# #[[#.[#..#
))..##++##[.#[[#.§#
....#....#[....#°.#
..###....####..#@.#
............'..#.○#
....)....####..#☼.#
...####..#.....#§V#
...#((#..#[[#..#..#
..##(('..#[[#[.#..#
################''#
#''# ...#


You could see a vampire mage (frozen).

Vanquished Creatures
  A sphinx (D)
  An emperor scorpion (D)
  A ghost moth (D)
  2 orc warlords (D)
  A war gargoyle (D)
  An ophan (D)
  A blizzard demon (D)
  3 yaktaur captains (D)
  A great orb of eyes (D)
  Josephine (D)
  2 vault guards (D)
  2 alligator snapping turtles (D)
  3 catoblepae (D)
  An anaconda (D)
  A boulder beetle (D)
  A death yak (D)
  4 hell hogs (D)
  2 sun demons (D)
  5 deep elf knights (D)
  A sea snake (D)
  3 spriggan druids (D)
  A phantasmal warrior (D)
  A lindwurm (D)
  A bog body (D)
  3 manticores (D)
  9 orc knights (D)
  2 deep elf zephyrmancers (D)
  An orc sorcerer (D)
  A smoke demon (D)
  3 demonic crawlers (D)
  2 ice devils (D)
  2 efreet (D)
  3 kobold demonologists (D)
  A rime drake (D)
  A komodo dragon (D)
  A freezing wraith (D)
  8 yaktaurs (D)
  A guardian mummy (D)
  A red devil (D)
  A hornet (D)
  A polar bear (D)
  A wind drake (D)
  2 tarantellas (D)
  A snapping turtle (D)
  A shadow (D)
  A ynoxinul (D)
  A vampire (D)
  A water elemental (D)
  Sigmund (D)
  A spriggan (D)
  3 wraiths (D)
  A fire elemental (D)
  5 yaks (D)
  A steam dragon (D)
  3 neqoxecs (D)
  A warg (D)
  A large abomination (D)
  An ice beast (D)
  A swamp drake (D)
  2 floating eyes (D)
  A sky beast (D)
  A black bear (D)
  A wolf (D)
  A necrophage (D)
  A centaur (D)
  A phantom (D)
  A kobold brigand (D)
  A gnoll sergeant (D)
  4 killer bees (D)
  5 wights (D)
  Crazy Yiuf (D)
  An orc priest (D)
  2 orc wizards (D)
  A mummy (D)
  5 gnolls (D)
  A river rat (D)
  A white imp (D)
  3 ufetubi (D)
  An adder zombie (D)
  3 orcs (D)
  2 bat skeletons (D)
  A giant cockroach (D)
  A quokka (D)
  2 ball pythons (D)
  A frilled lizard (D)
  2 goblins (D)
  3 kobolds (D)
  A rat (D)
160 creatures vanquished.

Notes
Turn   | Place    | Note
-------+----------+-------------------------------------------
     0 | D        | Groucho the Minotaur Fighter began the quest for the Orb.
     0 | D        | Reached XP level 1. HP: 19/19 MP: 0/0
    38 | D        | Found a bloodstained altar of Trog.
    38 | D        | Found a shimmering blue altar of Sif Muna.
    38 | D        | Found a viscous altar of Jiyva.
    38 | D        | Found a hazy altar of Hepliaklqana.
    38 | D        | Found an opulent altar of Gozag.
    39 | D        | Found a glowing golden altar of the Shining One.
    39 | D        | Found a glowing silver altar of Zin.
    39 | D        | Found a basalt altar of Yredelemnul.
    39 | D        | Found a shimmering altar of Xom.
    39 | D        | Found an ornate altar of the Wu Jian Council.
    39 | D        | Found a sacrificial altar of Ru.
    39 | D        | Found a stormy altar of Qazlal.
    39 | D        | Found an iron altar of Okawaru.
    39 | D        | Found a sparkling altar of Nemelex Xobeh.
    39 | D        | Found a burning altar of Makhleb.
    39 | D        | Found a blossoming altar of Fedhas.
    39 | D        | Found a white marble altar of Elyvilon.
    39 | D        | Found a shadowy altar of Dithmenos.
    39 | D        | Found a snail-covered altar of Cheibriados.
    41 | D        | Found a radiant altar of Vehumet.
    41 | D        | Found a corrupted altar of Lugonu.
    42 | D        | Found a hide-covered altar of Uskayaw.
    42 | D        | Found an ancient bone altar of Kikubaaqudgha.
    42 | D        | Found a broken altar of Ashenzari.
    50 | D        | Became a worshipper of Qazlal Stormbringer
    78 | D        | Reached * piety under Qazlal
    81 | D        | Noticed a wolf
    87 | D        | Reached skill level 1 in Invocations
    87 | D        | Reached XP level 2. HP: 22/28 MP: 1/1
   114 | D        | Killed a wolf
   115 | D        | Reached skill level 5 in Fighting
   115 | D        | Reached skill level 5 in Axes
   115 | D        | Reached skill level 5 in Armour
   115 | D        | Reached skill level 5 in Shields
   115 | D        | Reached XP level 3. HP: 15/37 MP: 1/4
   115 | D        | Reached XP level 4. HP: 18/44 MP: 1/5
   118 | D        | Reached ** piety under Qazlal
   602 | D        | Noticed a sky beast
   602 | D        | Noticed Crazy Yiuf
   603 | D        | Noticed a black bear
   621 | D        | Killed a sky beast
   622 | D        | Reached XP level 5. HP: 37/52 MP: 5/7
   624 | D        | Reached *** piety under Qazlal
   624 | D        | Noticed a phantom
   634 | D        | Killed Crazy Yiuf
   635 | D        | Reached skill level 5 in Invocations
   637 | D        | Killed a phantom
   638 | D        | Reached XP level 6. HP: 50/61 MP: 3/9
   660 | D        | Reached **** piety under Qazlal
   816 | D        | Noticed a floating eye
   818 | D        | Killed a floating eye
   821 | D        | Noticed a yak
   829 | D        | Killed a yak
   830 | D        | Reached XP level 7. HP: 67/70 MP: 9/11
   832 | D        | Noticed Sigmund
   836 | D        | Killed Sigmund
   837 | D        | Reached ***** piety under Qazlal
   838 | D        | Reached skill level 10 in Fighting
   838 | D        | Reached skill level 10 in Armour
   838 | D        | Reached skill level 10 in Shields
  1107 | D        | Noticed a manticore
  1112 | D        | Noticed a shadow
  1113 | D        | Reached XP level 8. HP: 79/79 MP: 8/12
  1116 | D        | Reached skill level 10 in Axes
  1124 | D        | Killed a manticore
  1443 | D        | Found the +8 mithril axe "Arga" {speed, Will+}
  1570 | D        | Noticed a manticore
  1582 | D        | Killed a manticore
  1583 | D        | Reached XP level 9. HP: 54/90 MP: 8/14
  2026 | D        | Noticed a boulder beetle
  2027 | D        | Noticed a phantasmal warrior
  2048 | D        | Killed a phantasmal warrior
  2051 | D        | Reached ****** piety under Qazlal
  2052 | D        | Reached skill level 10 in Invocations
  2057 | D        | Killed a boulder beetle
  2472 | D        | Noticed a demonic crawler
  2479 | D        | Killed a demonic crawler
  2480 | D        | Reached XP level 10. HP: 101/101 MP: 3/16
  2555 | D        | Noticed a sea snake
  2561 | D        | Killed a sea snake
  2638 | D        | Noticed an alligator snapping turtle
  2659 | D        | Killed an alligator snapping turtle
  2777 | D        | Noticed a hell hog
  2789 | D        | Killed a hell hog
  2792 | D        | Noticed a hell hog
  2801 | D        | Noticed a hell hog
  2803 | D        | Noticed a hell hog
  2809 | D        | Killed a hell hog
  3278 | D        | Noticed a manticore
  3285 | D        | Killed a hell hog
  3286 | D        | Reached XP level 11. HP: 86/111 MP: 19/19
  3294 | D        | Reached skill level 15 in Shields
  3296 | D        | Killed a hell hog
  3297 | D        | Reached skill level 15 in Fighting
  3297 | D        | Reached skill level 15 in Armour
  3402 | D        | Reached skill level 15 in Axes
  3849 | D        | Noticed an orc sorcerer
  3849 | D        | Noticed a deep elf zephyrmancer
  3850 | D        | Killed an orc sorcerer
  3851 | D        | Noticed a spriggan druid
  3866 | D        | Killed a spriggan druid
  3871 | D        | Noticed a sun demon
  3876 | D        | Noticed a sun demon
  3884 | D        | Killed a deep elf zephyrmancer
  4108 | D        | Noticed a bog body
  4120 | D        | Noticed an alligator snapping turtle
  4123 | D        | Killed a bog body
  4151 | D        | Killed an alligator snapping turtle
  4560 | D        | Noticed a sun demon
  4574 | D        | Killed a sun demon
  4954 | D        | Noticed an orc knight
  4954 | D        | Noticed an orc knight
  4954 | D        | Noticed a death yak
  4962 | D        | Noticed a spriggan druid
  4963 | D        | Killed an orc knight
  4964 | D        | Reached XP level 12. HP: 111/124 MP: 11/21
  4965 | D        | Killed a death yak
  5001 | D        | Noticed a yaktaur captain
  5010 | D        | Killed a yaktaur captain
  5051 | D        | Noticed an orc warlord
  5059 | D        | Killed an orc warlord
  5070 | D        | Noticed an orc warlord
  5142 | D        | Killed an orc warlord
  5151 | D        | Reached skill level 15 in Invocations
  5317 | D        | Noticed a vault guard
  5332 | D        | Killed a vault guard
  5349 | D        | Reached XP level 13. HP: 36/136 MP: 5/23
  5608 | D        | Reached skill level 1 in Unarmed Combat
  5627 | D        | Noticed a sphinx
  5632 | D        | Killed a sphinx
  6233 | D        | Noticed Josephine
  6246 | D        | Killed Josephine
  6246 | D        | Noticed an emperor scorpion
  6247 | D        | Reached skill level 5 in Unarmed Combat
  6262 | D        | Killed an emperor scorpion
  6283 | D        | Noticed an ophan
  6292 | D        | Identified the ring "Todawul" {rC++ Int+6}
  6295 | D        | Killed an ophan
  6324 | D        | Killed a ghost moth
  6655 | D        | Noticed a blizzard demon
  6655 | D        | Noticed a war gargoyle
  6663 | D        | Killed a war gargoyle
  6665 | D        | Killed a blizzard demon
  6665 | D        | Killed from afar by a vampire mage

Illustrated notes

Levels and vault maps discovered:
D:        pitsprint [storerooms_1, entrance_room_1, metal_vault_3, armoury_1,
          mini_pit_1, grid_room_1, main_hall_1, silver_pit, the_coven_1,
          the_vestibule_1, steel_vault_5, golden_pit, hallway_of_sentries,
          crystal_vault_3, iron_vault_1, final_vault]

Skill      XL: |  1  2  3  4  5  6  7  8  9 10 11 12 13 |
---------------+----------------------------------------+-----
Fighting       | 4 5 7 9 10 11 13 14 16 18 20 | 20.7
Armour         | 4 5 7 9 10 11 13 14 16 18 20 | 20.7
Shields        | 4 5 7 9 10 11 13 14 17 18 20 | 20.7
Axes           | 3 5 6 7 8 9 11 12 14 16 18 | 18.8
Invocations    | 1 3 4 5 6 7 9 10 12 14 15 17 | 17.4
Unarmed Combat | 8 |  8.2

Action                   |  1- 3 |  4- 6 |  7- 9 | 10-12 | 13-15 || total
-------------------------+-------+-------+-------+-------+-------++-------
Melee: Hand axe          |    31 |    55 |    14 |       |       ||   100
       War axe           |     3 |       |       |       |       ||     3
       Headbutt          |     2 |     8 |     9 |    56 |    35 ||   110
       Broad axe         |       |       |    37 |   217 |   144 ||   398
Invok: Upheaval          |       |     1 |    15 |    31 |    11 ||    58
       Disaster Area     |       |       |       |     2 |       ||     2
  Use: Potion            |     3 |     2 |     4 |     6 |       ||    15
       Scroll            |       |       |       |     1 |       ||     1
Armor: Scale mail        |    21 |     3 |       |       |       ||    24
       Chain mail        |       |    21 |    21 |    25 |       ||    67
       Plate armour      |       |       |       |       |    36 ||    36
Dodge: Dodged            |    16 |    13 |    12 |    23 |     6 ||    70
       Repelled          |       |       |     1 |     1 |       ||     2
Block: Buckler           |    16 |    14 |    28 |    79 |       ||   137
       Tower shield      |       |       |       |    25 |    93 ||   118
